Sabres vs Flames

Created - 27 décembre 2020 at 20:26

Goals
1 2 3 T
Sabres 0 1 1 2
Flames 0 1 0 1
Shots
1 2 3 T
Sabres 15 12 13 40
Flames 4 7 11 22

1st period

No Goal

Penalties :
Dmitry Orlov (BUF) for Roughing (Minor) at 0:33, Esa Lindell (CGY) for Roughing (Minor) at 11:52

2nd period

1. Flames , John Tavares 10 (Taylor Hall 3, Ben Chiarot 6) at 9:28
2. Sabres , Elias Lindholm 17 (Leon Draisaitl 22, Ryan Nugent-Hopkins 24) at 17:10 (PP)

Penalties :
Ethan Bear (CGY) for Hooking (Minor) at 9:35, Brady Tkachuk (CGY) for Slashing (Minor) at 16:40, Luke Glendening (BUF) for Interference (Minor) at 19:25

3rd period

3. Sabres , Ryan Nugent-Hopkins 10 (Leon Draisaitl 23, Rasmus Ristolainen 23) at 8:16

Penalties :
Tom Wilson (CGY) for Interference (Minor) at 12:07, Ethan Bear (CGY) for Holding (Minor) at 14:07, Esa Lindell (CGY) for High sticking (Minor) at 19:54

Goalie Stats

Matt Murray (BUF), 21 saves from 22 shots - (0,955), W, 19-5-4, 60:00 minutes
Jordan Binnington (CGY), 38 saves from 40 shots - (0,950), L, 13-8-3, 60:00 minutes

Players Stats for Sabres

Player Name              G  A  P  +/- PIM S  H  SB GA TA FO     MP     PP MP  PK MP  
------------------------------------------------------------------------------------
Adam Pelech              0  0  0   0  0   0  1  1  0  0  0/0    13:09   0:00   0:27 
Dmitry Orlov             0  0  0   0  2   2  1  2  0  0  0/0    20:12   1:23   1:02 
Elias Lindholm           1  0  1   1  0   4  2  0  0  0  0/2    21:30   4:11   2:27 
Erik Gustafsson          0  0  0   0  0   1  1  0  0  0  0/0    18:25   3:37   2:06 
Jimmy Vesey              0  0  0   0  0   0  0  0  0  0  0/0     4:53   0:00   0:00 
Jonathan Drouin          0  0  0  -1  0   0  1  0  0  0  1/1    12:33   0:00   0:09 
Kevin Fiala              0  0  0   0  0   3  0  0  0  0  0/0    19:20   4:20   0:00 
Kris Letang              0  0  0  -1  0   3  0  1  0  0  0/0    24:09   4:01   1:52 
Lars Eller               0  0  0  -1  0   6  1  1  0  0  3/12   13:20   0:00   0:56 
Leon Draisaitl           0  2  2   1  0   7  0  0  0  0  13/22  20:02   4:11   0:59 
Luke Glendening          0  0  0  -1  2   1  1  0  0  0  0/2    13:49   0:00   1:04 
Michael Grabner          0  0  0   0  0   1  0  0  0  0  0/0     4:53   0:00   0:00 
Nic Dowd                 0  0  0   0  0   0  1  0  0  0  7/10    7:36   0:00   2:21 
Nikolaj Ehlers           0  0  0   0  0   4  0  0  0  0  0/2    19:20   4:20   0:00 
Rasmus Dahlin            0  0  0   1  0   0  0  0  0  0  0/0    21:32   4:44   0:37 
Rasmus Ristolainen       0  1  1   0  0   0  5  1  0  0  0/0    22:32   3:17   1:52 
Ryan Nugent-Hopkins      1  1  2   1  0   3  0  0  0  0  2/3    19:25   4:11   0:00 
Tyler Seguin             0  0  0   0  0   5  3  1  0  0  13/21  19:20   4:20   0:00 

Players Stats for Flames

Player Name              G  A  P  +/- PIM S  H  SB GA TA FO     MP     PP MP  PK MP  
------------------------------------------------------------------------------------
Alec Martinez            0  0  0   0  0   0  3  4  0  0  0/0    14:04   0:00   1:14 
Ben Chiarot              0  1  1   1  0   1  0  2  0  0  0/0    21:55   1:35   4:24 
Blake Wheeler            0  0  0   1  0   2  1  0  0  0  0/1    18:43   2:23   0:00 
Brady Tkachuk            0  0  0  -1  2   2  5  1  0  0  0/0    19:19   1:35   3:18 
Brandon Tanev            0  0  0   0  0   0  0  0  0  0  0/2    14:13   0:00   1:20 
Brayden McNabb           0  0  0   1  0   0  0  2  0  0  0/0    21:51   1:35   4:20 
Charlie Coyle            0  0  0   0  0   2  0  0  0  0  10/16  16:44   0:00   3:43 
Esa Lindell              0  0  0  -1  4   0  1  0  0  0  0/0    20:52   2:23   2:34 
Ethan Bear               0  0  0   0  4   0  1  0  0  0  0/0    12:48   0:00   0:00 
Jared Spurgeon           0  0  0  -1  0   3  2  1  0  0  0/0    24:55   2:23   3:47 
John Tavares             1  0  1   1  0   3  0  0  0  0  8/18   22:32   2:23   4:11 
Marc Staal               0  0  0   0  0   0  0  1  0  0  0/0     3:31   0:00   0:43 
Max Domi                 0  0  0  -1  0   2  0  0  0  0  11/24  20:07   1:35   0:00 
Pavel Buchnevich         0  0  0   0  0   1  0  0  0  0  1/3    12:39   0:00   0:00 
Sean Kuraly              0  0  0   0  0   1  0  1  0  0  4/7     8:33   0:00   4:20 
Taylor Hall              0  1  1   1  0   2  0  0  0  0  2/4    18:31   2:23   0:10 
Tom Wilson               0  0  0  -1  2   3  1  0  0  0  0/0    20:06   1:35   0:00 
Troy Stecher             0  0  0   0  0   0  0  0  0  0  0/0     0:00   0:00   0:00 

3 Stars

1 - Jordan Binnington (CGY)
2 - Ryan Nugent-Hopkins (BUF)
3 - Elias Lindholm (BUF)

Power Play

Sabres - 1 on 6 Attempt(s) - 16,67%
Flames - 0 on 2 Attempt(s) - 0,00%

Penalty Kill

Sabres - 2 on 2 Attempt(s) - 100,00% - Score 0 goal in Penalty Kill
Flames - 5 on 6 Attempt(s) - 83,33% - Score 0 goal in Penalty Kill

Team Stat

Sabres - Hits : 17 - Faceoff Wins : 39 - Blocked Shots : 7 - Penalty Minutes : 4
Flames - Hits : 14 - Faceoff Wins : 36 - Blocked Shots : 12 - Penalty Minutes : 12

Official

Referees : Robert Hennessey and Brian Pochmara
Linesman : Jaime Alary and Tyson Baker

Game Notes

No Game Note

Finance

Level 1 -- Attendance: 6500 (100,00%) -- Ticket Income 812 500 $
Level 2 -- Attendance: 5000 (100,00%) -- Ticket Income 290 000 $
Level 3 -- Attendance: 3500 (100,00%) -- Ticket Income 157 500 $
Level 4 -- Attendance: 2880 (87,56%) -- Ticket Income 72 000 $
Luxury Box -- Attendance: 1000 (100,00%) -- Ticket Income 160 000 $
Game was played at the Scotiabank Saddledome.
Total Attendance: 18880 (97,88%)
Total Ticket Income: 1 492 000 $
Other Income: 731 080 $
Total Income: 2 223 080 $

% Time on Ice - Sabres

Lines # - Real PCT - Wanted PCT - Time Play
Normal Forward
1 - 32% - 38% - 14:52
2 - 32% - 35% - 15:00
3 - 26% - 22% - 12:24
4 - 10% - 5% - 4:53
Normal Defense
1 - 37% - 38% - 17:26
2 - 34% - 35% - 16:11
3 - 27% - 22% - 12:42
4 - 2% - 5% - 0:50
PP Forward
1 - 49% - 55% - 4:11
2 - 51% - 45% - 4:20
PP Defense
1 - 58% - 55% - 4:54
2 - 42% - 45% - 3:37
PK Forward
1 - 78% - 60% - 3:05
2 - 22% - 40% - 0:53
PK Defense
1 - 47% - 60% - 1:52
2 - 53% - 40% - 2:06
PK3 Forward
1 - 0% - 60%
2 - 0% - 40%
PK3 Defense
1 - 0% - 60%
2 - 0% - 40%
44 Forward
1 - 0% - 60%
2 - 0% - 40%
44 Defense
1 - 0% - 60%
2 - 0% - 40%
Last Minute Offensive  - 0:00
Last Minute Defensive  - 0:22
Total
Forward - 60:00
Defense - 60:00

% Time on Ice - Flames

Lines # - Real PCT - Wanted PCT - Time Play
Normal Forward
1 - 34% - 35% - 15:58
2 - 30% - 30% - 14:05
3 - 27% - 25% - 12:39
4 - 9% - 10% - 4:27
Normal Defense
1 - 33% - 40% - 15:35
2 - 34% - 30% - 15:56
3 - 27% - 20% - 12:50
4 - 6% - 10% - 2:48
PP Forward
1 - 60% - 50% - 2:23
2 - 40% - 50% - 1:35
PP Defense
1 - 60% - 60% - 2:23
2 - 40% - 40% - 1:35
PK Forward
1 - 49% - 50% - 4:11
2 - 51% - 50% - 4:20
PK Defense
1 - 44% - 50% - 3:47
2 - 56% - 50% - 4:44
PK3 Forward
1 - 0% - 60%
2 - 0% - 40%
PK3 Defense
1 - 0% - 50%
2 - 0% - 50%
44 Forward
1 - 0% - 60%
2 - 0% - 40%
44 Defense
1 - 0% - 60%
2 - 0% - 40%
Last Minute Offensive  - 0:22
Last Minute Defensive  - 0:00
Total
Forward - 60:00
Defense - 60:00

Play-by-Play

1st period


0:01 of 1st period - John Tavares wins face-off versus Leon Draisaitl in neutral zone.
0:33 of 1st period - Minor Penalty to Dmitry Orlov for Roughing.
0:34 of 1st period - Max Domi wins face-off versus Luke Glendening in Sabres zone.
0:34 of 1st period - Max Domi is hit by Rasmus Ristolainen.
0:41 of 1st period - Tom Wilson is hit by Rasmus Ristolainen and loses puck.
0:47 of 1st period - Max Domi is hit by Rasmus Ristolainen and loses puck.
3:23 of 1st period - Shot by Kris Letang.
3:23 of 1st period - Stopped by Jordan Binnington with a rebound.
3:25 of 1st period - Shot by Michael Grabner.
3:25 of 1st period - Deflect By Nic Dowd.
3:25 of 1st period - Shot Misses the Net.
4:06 of 1st period - Shot by Elias Lindholm.
4:06 of 1st period - Stopped by Jordan Binnington with a rebound.
4:08 of 1st period - Shot by Elias Lindholm.
4:08 of 1st period - Shot Misses the Net.
4:42 of 1st period - Shot by Jonathan Drouin.
4:42 of 1st period - Deflect By Lars Eller.
4:42 of 1st period - Stopped by Jordan Binnington with a rebound.
5:14 of 1st period - Icing by Jared Spurgeon.
5:15 of 1st period - John Tavares wins face-off versus Nic Dowd in Flames zone.
6:02 of 1st period - Esa Lindell is hit by Nic Dowd and loses puck.
6:16 of 1st period - Icing by Jared Spurgeon.
6:17 of 1st period - Leon Draisaitl wins face-off versus John Tavares in Flames zone.
6:32 of 1st period - Ryan Nugent-Hopkins is hit by Blake Wheeler and loses puck.
7:35 of 1st period - Shot by Tyler Seguin.
7:35 of 1st period - Shot Misses the Net.
7:37 of 1st period - Shot by Tyler Seguin.
7:37 of 1st period - Deflect By Kevin Fiala.
7:37 of 1st period - Stopped by Jordan Binnington without a rebound.
7:38 of 1st period - Max Domi wins face-off versus Lars Eller in Flames zone.
8:01 of 1st period - Off-side.
8:02 of 1st period - Max Domi wins face-off versus Tyler Seguin in neutral zone.
8:17 of 1st period - Shot by Brady Tkachuk.
8:17 of 1st period - Shot Blocked by Dmitry Orlov.
8:19 of 1st period - Shot by Tom Wilson.
8:19 of 1st period - Shot Misses the Net.
8:50 of 1st period - Icing by Ben Chiarot.
8:51 of 1st period - Ryan Nugent-Hopkins wins face-off versus John Tavares in Flames zone.
9:23 of 1st period - Icing by Brayden McNabb.
9:24 of 1st period - John Tavares wins face-off versus Lars Eller in Flames zone.
9:24 of 1st period - John Tavares is hit by Luke Glendening.
9:56 of 1st period - Shot by Lars Eller.
9:56 of 1st period - Stopped by Jordan Binnington without a rebound.
9:57 of 1st period - Tyler Seguin wins face-off versus Max Domi in Flames zone.
10:01 of 1st period - Icing by Jared Spurgeon.
10:02 of 1st period - Leon Draisaitl wins face-off versus Max Domi in Flames zone.
10:31 of 1st period - Shot by Brady Tkachuk.
10:31 of 1st period - Deflect By Tom Wilson.
10:31 of 1st period - Stopped by Matt Murray without a rebound.
10:32 of 1st period - Tyler Seguin wins face-off versus Charlie Coyle in Sabres zone.
10:37 of 1st period - Shot by Charlie Coyle.
10:37 of 1st period - Shot Misses the Net.
10:57 of 1st period - Shot by Tyler Seguin.
10:57 of 1st period - Stopped by Jordan Binnington with a rebound.
10:59 of 1st period - Shot by Dmitry Orlov.
10:59 of 1st period - Stopped by Jordan Binnington with a rebound.
11:29 of 1st period - Off-side.
11:30 of 1st period - Max Domi wins face-off versus Leon Draisaitl in neutral zone.
11:46 of 1st period - Shot by Leon Draisaitl.
11:46 of 1st period - Shot Misses the Net.
11:51 of 1st period - Leon Draisaitl is hit by Esa Lindell and loses puck.
11:52 of 1st period - Minor Penalty to Esa Lindell for Roughing.
11:53 of 1st period - Leon Draisaitl wins face-off versus Sean Kuraly in Flames zone.
11:58 of 1st period - Shot by Leon Draisaitl.
11:58 of 1st period - Stopped by Jordan Binnington with a rebound.
12:33 of 1st period - Charlie Coyle is hit by Elias Lindholm and loses puck.
13:08 of 1st period - Shot by Tyler Seguin.
13:08 of 1st period - Stopped by Jordan Binnington without a rebound.
13:09 of 1st period - Tyler Seguin wins face-off versus Sean Kuraly in Flames zone.
13:22 of 1st period - Shot by Kevin Fiala.
13:22 of 1st period - Stopped by Jordan Binnington without a rebound.
13:23 of 1st period - Charlie Coyle wins face-off versus Nikolaj Ehlers in Flames zone.
13:40 of 1st period - Shot by Nikolaj Ehlers.
13:40 of 1st period - Shot Misses the Net.
13:42 of 1st period - Shot by Tyler Seguin.
13:42 of 1st period - Shot Blocked by Alec Martinez.
13:44 of 1st period - Shot by Tyler Seguin.
13:44 of 1st period - Shot Misses the Net.
13:46 of 1st period - Shot by Tyler Seguin.
13:46 of 1st period - Shot Misses the Net.
13:48 of 1st period - Shot by Erik Gustafsson.
13:48 of 1st period - Shot Blocked by Alec Martinez.
13:50 of 1st period - Shot by Rasmus Ristolainen.
13:50 of 1st period - Shot Misses the Net.
13:52 of 1st period - Shot by Tyler Seguin.
13:52 of 1st period - Stopped by Jordan Binnington with a rebound.
14:38 of 1st period - Icing by Sean Kuraly.
14:39 of 1st period - Leon Draisaitl wins face-off versus Max Domi in Flames zone.
14:46 of 1st period - Shot by Ryan Nugent-Hopkins.
14:46 of 1st period - Shot Misses the Net.
15:29 of 1st period - Icing by Jared Spurgeon.
15:30 of 1st period - Tyler Seguin wins face-off versus John Tavares in Flames zone.
15:30 of 1st period - Tyler Seguin is hit by Jared Spurgeon.
15:46 of 1st period - Shot by Tyler Seguin.
15:46 of 1st period - Stopped by Jordan Binnington without a rebound.
15:47 of 1st period - Lars Eller wins face-off versus Pavel Buchnevich in Flames zone.
15:48 of 1st period - Shot by Kris Letang.
15:48 of 1st period - Shot Misses the Net.
16:27 of 1st period - Shot by Charlie Coyle.
16:27 of 1st period - Stopped by Matt Murray without a rebound.
16:28 of 1st period - Tyler Seguin wins face-off versus John Tavares in Sabres zone.
16:41 of 1st period - Shot by Tyler Seguin.
16:41 of 1st period - Shot Blocked by Jared Spurgeon.
17:07 of 1st period - Icing by Taylor Hall.
17:08 of 1st period - Leon Draisaitl wins face-off versus Taylor Hall in Flames zone.
17:33 of 1st period - Shot by Ryan Nugent-Hopkins.
17:33 of 1st period - Deflect By Leon Draisaitl.
17:33 of 1st period - Shot Misses the Net.
17:41 of 1st period - Shot by Ryan Nugent-Hopkins.
17:41 of 1st period - Stopped by Jordan Binnington without a rebound.
17:42 of 1st period - Max Domi wins face-off versus Luke Glendening in Flames zone.
18:07 of 1st period - Shot by Lars Eller.
18:07 of 1st period - Stopped by Jordan Binnington without a rebound.
18:08 of 1st period - Tyler Seguin wins face-off versus Charlie Coyle in Flames zone.
18:08 of 1st period - Tyler Seguin is hit by Ethan Bear.
19:17 of 1st period - Shot by Leon Draisaitl.
19:17 of 1st period - Stopped by Jordan Binnington without a rebound.
19:18 of 1st period - John Tavares wins face-off versus Lars Eller in Flames zone.
19:18 of 1st period - John Tavares is hit by Jonathan Drouin.
19:26 of 1st period - Shot by Taylor Hall.
19:26 of 1st period - Shot Misses the Net.
19:28 of 1st period - Shot by Jared Spurgeon.
19:28 of 1st period - Stopped by Matt Murray with a rebound.
19:30 of 1st period - Shot by John Tavares.
19:30 of 1st period - Shot Misses the Net.
19:32 of 1st period - Shot by John Tavares.
19:32 of 1st period - Stopped by Matt Murray without a rebound.
19:33 of 1st period - Leon Draisaitl wins face-off versus Max Domi in Sabres zone.
19:54 of 1st period - Shot by Leon Draisaitl.
19:54 of 1st period - Shot Blocked by Brady Tkachuk.
Goals for this period are 0 for Sabres vs 0 for Flames.
Shots for this period are 15 for Sabres vs 4 for Flames.

2nd period


0:01 of 2nd period - Max Domi wins face-off versus Tyler Seguin in neutral zone.
0:31 of 2nd period - Kris Letang is hit by Brady Tkachuk and loses puck.
0:36 of 2nd period - Brady Tkachuk is hit by Tyler Seguin and loses puck.
0:51 of 2nd period - Kris Letang is hit by Brady Tkachuk and loses puck.
1:26 of 2nd period - Shot by Leon Draisaitl.
1:26 of 2nd period - Stopped by Jordan Binnington without a rebound.
1:27 of 2nd period - Charlie Coyle wins face-off versus Lars Eller in Flames zone.
1:56 of 2nd period - Luke Glendening is hit by Alec Martinez and loses puck.
2:05 of 2nd period - Shot by Lars Eller.
2:05 of 2nd period - Stopped by Jordan Binnington with a rebound.
2:07 of 2nd period - Shot by Luke Glendening.
2:07 of 2nd period - Stopped by Jordan Binnington without a rebound.
2:08 of 2nd period - Leon Draisaitl wins face-off versus John Tavares in Flames zone.
2:23 of 2nd period - Shot by Elias Lindholm.
2:23 of 2nd period - Deflect By Leon Draisaitl.
2:23 of 2nd period - Shot Misses the Net.
2:25 of 2nd period - Shot by Elias Lindholm.
2:25 of 2nd period - Shot Blocked by Ben Chiarot.
2:27 of 2nd period - Shot by Ryan Nugent-Hopkins.
2:27 of 2nd period - Stopped by Jordan Binnington with a rebound.
3:16 of 2nd period - Shot by Nikolaj Ehlers.
3:16 of 2nd period - Stopped by Jordan Binnington without a rebound.
3:17 of 2nd period - Lars Eller wins face-off versus Brandon Tanev in Flames zone.
3:29 of 2nd period - Icing by Adam Pelech.
3:30 of 2nd period - Max Domi wins face-off versus Lars Eller in Sabres zone.
3:40 of 2nd period - Max Domi is hit by Lars Eller and loses puck.
3:50 of 2nd period - Max Domi is hit by Adam Pelech and loses puck.
3:53 of 2nd period - Shot by Jared Spurgeon.
3:53 of 2nd period - Deflect By Brady Tkachuk.
3:53 of 2nd period - Shot Misses the Net.
4:03 of 2nd period - Tom Wilson is hit by Erik Gustafsson and loses puck.
4:10 of 2nd period - Shot by Max Domi.
4:10 of 2nd period - Stopped by Matt Murray without a rebound.
4:11 of 2nd period - Tyler Seguin wins face-off versus Charlie Coyle in Sabres zone.
4:46 of 2nd period - Shot by Pavel Buchnevich.
4:46 of 2nd period - Shot Blocked by Dmitry Orlov.
5:06 of 2nd period - Shot by Brayden McNabb.
5:06 of 2nd period - Shot Misses the Net.
5:28 of 2nd period - Shot by John Tavares.
5:28 of 2nd period - Shot Misses the Net.
5:30 of 2nd period - Shot by Ben Chiarot.
5:30 of 2nd period - Shot Misses the Net.
6:16 of 2nd period - Shot by Brady Tkachuk.
6:16 of 2nd period - Stopped by Matt Murray without a rebound.
6:17 of 2nd period - Charlie Coyle wins face-off versus Leon Draisaitl in Sabres zone.
6:37 of 2nd period - Shot by Leon Draisaitl.
6:37 of 2nd period - Stopped by Jordan Binnington with a rebound.
6:43 of 2nd period - Shot by Pavel Buchnevich.
6:43 of 2nd period - Deflect By Charlie Coyle.
6:43 of 2nd period - Stopped by Matt Murray without a rebound.
6:44 of 2nd period - Taylor Hall wins face-off versus Lars Eller in Sabres zone.
6:45 of 2nd period - Shot by John Tavares.
6:45 of 2nd period - Shot Misses the Net.
6:59 of 2nd period - Shot by Lars Eller.
6:59 of 2nd period - Stopped by Jordan Binnington without a rebound.
7:00 of 2nd period - Nic Dowd wins face-off versus Max Domi in Flames zone.
8:16 of 2nd period - Leon Draisaitl is hit by Jared Spurgeon and loses puck.
9:26 of 2nd period - Shot by John Tavares.
9:26 of 2nd period - Shot Misses the Net.
9:28 of 2nd period - Shot by John Tavares.
9:28 of 2nd period - Goal by John Tavares - Sabres : 0 - Flames : 1.
9:29 of 2nd period - Nic Dowd wins face-off versus Pavel Buchnevich in neutral zone.
9:35 of 2nd period - Minor Penalty to Ethan Bear for Hooking.
9:36 of 2nd period - Tyler Seguin wins face-off versus Charlie Coyle in Flames zone.
9:50 of 2nd period - Icing by Rasmus Dahlin.
9:51 of 2nd period - Charlie Coyle wins face-off versus Tyler Seguin in Sabres zone.
11:06 of 2nd period - Shot by Leon Draisaitl.
11:06 of 2nd period - Stopped by Jordan Binnington without a rebound.
11:07 of 2nd period - Sean Kuraly wins face-off versus Tyler Seguin in Flames zone.
11:26 of 2nd period - Shot by Rasmus Dahlin.
11:26 of 2nd period - Shot Blocked by Marc Staal.
11:38 of 2nd period - Shot by Lars Eller.
11:38 of 2nd period - Deflect By Jonathan Drouin.
11:38 of 2nd period - Shot Misses the Net.
11:51 of 2nd period - Off-side.
11:52 of 2nd period - Pavel Buchnevich wins face-off versus Leon Draisaitl in neutral zone.
11:59 of 2nd period - Shot by Charlie Coyle.
11:59 of 2nd period - Shot Blocked by Kris Letang.
12:22 of 2nd period - Icing by Jared Spurgeon.
12:23 of 2nd period - Charlie Coyle wins face-off versus Lars Eller in Flames zone.
14:25 of 2nd period - Shot by Taylor Hall.
14:25 of 2nd period - Stopped by Matt Murray without a rebound.
14:26 of 2nd period - Charlie Coyle wins face-off versus Nic Dowd in Sabres zone.
14:39 of 2nd period - Shot by Michael Grabner.
14:39 of 2nd period - Stopped by Jordan Binnington without a rebound.
14:40 of 2nd period - Jonathan Drouin wins face-off versus John Tavares in Flames zone.
14:40 of 2nd period - Rasmus Ristolainen is hit by Alec Martinez.
14:53 of 2nd period - Lars Eller is hit by Alec Martinez and loses puck.
15:42 of 2nd period - Shot by Pavel Buchnevich.
15:42 of 2nd period - Shot Blocked by Lars Eller.
16:34 of 2nd period - Icing by Kris Letang.
16:35 of 2nd period - Leon Draisaitl wins face-off versus Max Domi in Sabres zone.
16:35 of 2nd period - Leon Draisaitl is hit by Brady Tkachuk.
16:38 of 2nd period - Kris Letang is hit by Brady Tkachuk and loses puck.
16:40 of 2nd period - Minor Penalty to Brady Tkachuk for Slashing.
16:41 of 2nd period - Sean Kuraly wins face-off versus Tyler Seguin in Flames zone.
16:56 of 2nd period - Shot by Tyler Seguin.
16:56 of 2nd period - Deflect By Nikolaj Ehlers.
16:56 of 2nd period - Shot Misses the Net.
16:58 of 2nd period - Shot by Erik Gustafsson.
16:58 of 2nd period - Stopped by Jordan Binnington with a rebound.
17:00 of 2nd period - Shot by Dmitry Orlov.
17:00 of 2nd period - Stopped by Jordan Binnington without a rebound.
17:01 of 2nd period - Leon Draisaitl wins face-off versus Taylor Hall in Flames zone.
17:08 of 2nd period - Shot by Leon Draisaitl.
17:08 of 2nd period - Shot Blocked by Sean Kuraly.
17:10 of 2nd period - Shot by Elias Lindholm.
17:10 of 2nd period - Goal by Elias Lindholm - Sabres : 1 - Flames : 1.
17:11 of 2nd period - Tyler Seguin wins face-off versus Max Domi in neutral zone.
17:30 of 2nd period - Shot by Brady Tkachuk.
17:30 of 2nd period - Shot Blocked by Adam Pelech.
17:38 of 2nd period - Shot by Tom Wilson.
17:38 of 2nd period - Stopped by Matt Murray without a rebound.
17:39 of 2nd period - John Tavares wins face-off versus Leon Draisaitl in Sabres zone.
19:25 of 2nd period - Minor Penalty to Luke Glendening for Interference.
19:26 of 2nd period - John Tavares wins face-off versus Elias Lindholm in Sabres zone.
19:37 of 2nd period - Shot by Blake Wheeler.
19:37 of 2nd period - Stopped by Matt Murray without a rebound.
19:38 of 2nd period - Nic Dowd wins face-off versus Max Domi in Sabres zone.
Goals for this period are 1 for Sabres vs 1 for Flames.
Shots for this period are 12 for Sabres vs 7 for Flames.

3rd period


0:01 of 3rd period - Nic Dowd wins face-off versus John Tavares in neutral zone.
0:40 of 3rd period - Jared Spurgeon is hit by Elias Lindholm and loses puck.
1:26 of 3rd period - Max Domi is hit by Rasmus Ristolainen and loses puck.
2:02 of 3rd period - Pavel Buchnevich is hit by Rasmus Ristolainen and loses puck.
2:25 of 3rd period - Shot by Max Domi.
2:25 of 3rd period - Shot Misses the Net.
2:27 of 3rd period - Shot by Tom Wilson.
2:27 of 3rd period - Shot Misses the Net.
2:37 of 3rd period - Icing by Luke Glendening.
2:38 of 3rd period - Max Domi wins face-off versus Lars Eller in Sabres zone.
3:33 of 3rd period - Off-side.
3:34 of 3rd period - Leon Draisaitl wins face-off versus Charlie Coyle in neutral zone.
3:41 of 3rd period - Shot by Elias Lindholm.
3:41 of 3rd period - Stopped by Jordan Binnington with a rebound.
3:43 of 3rd period - Shot by Adam Pelech.
3:43 of 3rd period - Shot Misses the Net.
4:06 of 3rd period - Shot by Ryan Nugent-Hopkins.
4:06 of 3rd period - Shot Blocked by Alec Martinez.
4:48 of 3rd period - Shot by Taylor Hall.
4:48 of 3rd period - Stopped by Matt Murray with a rebound.
5:02 of 3rd period - Shot by John Tavares.
5:02 of 3rd period - Deflect By Blake Wheeler.
5:02 of 3rd period - Shot Blocked by Rasmus Ristolainen.
5:04 of 3rd period - Shot by Ben Chiarot.
5:04 of 3rd period - Stopped by Matt Murray without a rebound.
5:05 of 3rd period - Max Domi wins face-off versus Nic Dowd in Sabres zone.
5:08 of 3rd period - Shot by Jared Spurgeon.
5:08 of 3rd period - Stopped by Matt Murray without a rebound.
5:09 of 3rd period - Nic Dowd wins face-off versus Max Domi in Sabres zone.
5:09 of 3rd period - Nic Dowd is hit by Tom Wilson.
6:19 of 3rd period - Shot by Taylor Hall.
6:19 of 3rd period - Shot Misses the Net.
6:21 of 3rd period - Shot by Blake Wheeler.
6:21 of 3rd period - Stopped by Matt Murray without a rebound.
6:22 of 3rd period - Charlie Coyle wins face-off versus Leon Draisaitl in Sabres zone.
6:59 of 3rd period - Off-side.
7:00 of 3rd period - Tyler Seguin wins face-off versus John Tavares in neutral zone.
7:13 of 3rd period - Shot by John Tavares.
7:13 of 3rd period - Stopped by Matt Murray without a rebound.
7:14 of 3rd period - Lars Eller wins face-off versus Max Domi in Sabres zone.
7:30 of 3rd period - Brady Tkachuk is hit by Dmitry Orlov and loses puck.
7:52 of 3rd period - Shot by Luke Glendening.
7:52 of 3rd period - Shot Misses the Net.
8:16 of 3rd period - Shot by Leon Draisaitl.
8:16 of 3rd period - Deflect By Ryan Nugent-Hopkins.
8:16 of 3rd period - Goal by Ryan Nugent-Hopkins - Sabres : 2 - Flames : 1.
8:17 of 3rd period - John Tavares wins face-off versus Tyler Seguin in neutral zone.
8:55 of 3rd period - Shot by Tyler Seguin.
8:55 of 3rd period - Stopped by Jordan Binnington with a rebound.
9:00 of 3rd period - Icing by Blake Wheeler.
9:01 of 3rd period - Leon Draisaitl wins face-off versus John Tavares in Flames zone.
9:10 of 3rd period - Shot by Ryan Nugent-Hopkins.
9:10 of 3rd period - Shot Blocked by Brayden McNabb.
9:57 of 3rd period - Shot by Jonathan Drouin.
9:57 of 3rd period - Shot Blocked by Brayden McNabb.
9:59 of 3rd period - Shot by Dmitry Orlov.
9:59 of 3rd period - Shot Misses the Net.
10:17 of 3rd period - Shot by Kris Letang.
10:17 of 3rd period - Stopped by Jordan Binnington without a rebound.
10:18 of 3rd period - Tyler Seguin wins face-off versus Max Domi in Flames zone.
10:19 of 3rd period - Shot by Kevin Fiala.
10:19 of 3rd period - Deflect By Tyler Seguin.
10:19 of 3rd period - Shot Misses the Net.
10:32 of 3rd period - Shot by Jared Spurgeon.
10:32 of 3rd period - Shot Blocked by Tyler Seguin.
10:34 of 3rd period - Shot by Jared Spurgeon.
10:34 of 3rd period - Stopped by Matt Murray without a rebound.
10:35 of 3rd period - Nic Dowd wins face-off versus Brandon Tanev in Sabres zone.
11:37 of 3rd period - Shot by Elias Lindholm.
11:37 of 3rd period - Stopped by Jordan Binnington without a rebound.
11:38 of 3rd period - Tyler Seguin wins face-off versus Max Domi in Flames zone.
12:07 of 3rd period - Minor Penalty to Tom Wilson for Interference.
12:08 of 3rd period - Leon Draisaitl wins face-off versus Sean Kuraly in Flames zone.
13:13 of 3rd period - Shot by Nikolaj Ehlers.
13:13 of 3rd period - Deflect By Tyler Seguin.
13:13 of 3rd period - Shot Misses the Net.
13:24 of 3rd period - Shot by Nikolaj Ehlers.
13:24 of 3rd period - Stopped by Jordan Binnington with a rebound.
13:32 of 3rd period - Shot by Nikolaj Ehlers.
13:32 of 3rd period - Stopped by Jordan Binnington without a rebound.
13:33 of 3rd period - Leon Draisaitl wins face-off versus John Tavares in Flames zone.
13:46 of 3rd period - Shot by Leon Draisaitl.
13:46 of 3rd period - Stopped by Jordan Binnington without a rebound.
13:47 of 3rd period - Sean Kuraly wins face-off versus Tyler Seguin in Flames zone.
13:47 of 3rd period - Sean Kuraly is hit by Tyler Seguin.
14:07 of 3rd period - Minor Penalty to Ethan Bear for Holding.
14:08 of 3rd period - Charlie Coyle wins face-off versus Elias Lindholm in Flames zone.
15:05 of 3rd period - Elias Lindholm is hit by Brady Tkachuk and loses puck.
15:37 of 3rd period - Shot by Nikolaj Ehlers.
15:37 of 3rd period - Stopped by Jordan Binnington without a rebound.
15:38 of 3rd period - Charlie Coyle wins face-off versus Tyler Seguin in Flames zone.
15:56 of 3rd period - Shot by Erik Gustafsson.
15:56 of 3rd period - Shot Blocked by Ben Chiarot.
16:20 of 3rd period - Shot by Max Domi.
16:20 of 3rd period - Deflect By Tom Wilson.
16:20 of 3rd period - Stopped by Matt Murray without a rebound.
16:21 of 3rd period - Nic Dowd wins face-off versus Blake Wheeler in Sabres zone.
16:36 of 3rd period - Shot by Nic Dowd.
16:36 of 3rd period - Shot Blocked by Alec Martinez.
16:42 of 3rd period - Shot by Michael Grabner.
16:42 of 3rd period - Shot Misses the Net.
16:44 of 3rd period - Shot by Michael Grabner.
16:44 of 3rd period - Shot Misses the Net.
16:46 of 3rd period - Shot by Kris Letang.
16:46 of 3rd period - Stopped by Jordan Binnington without a rebound.
16:47 of 3rd period - Tyler Seguin wins face-off versus Max Domi in Flames zone.
17:04 of 3rd period - Shot by Max Domi.
17:04 of 3rd period - Stopped by Matt Murray with a rebound.
17:18 of 3rd period - Shot by Max Domi.
17:18 of 3rd period - Shot Misses the Net.
17:20 of 3rd period - Shot by Tom Wilson.
17:20 of 3rd period - Deflect By Max Domi.
17:20 of 3rd period - Shot Hit the Post.
17:22 of 3rd period - Shot by Sean Kuraly.
17:22 of 3rd period - Stopped by Matt Murray without a rebound.
17:23 of 3rd period - Charlie Coyle wins face-off versus Leon Draisaitl in Sabres zone.
17:30 of 3rd period - Shot by Pavel Buchnevich.
17:30 of 3rd period - Deflect By Brandon Tanev.
17:30 of 3rd period - Shot Misses the Net.
17:38 of 3rd period - Shot by Pavel Buchnevich.
17:38 of 3rd period - Stopped by Matt Murray without a rebound.
17:39 of 3rd period - John Tavares wins face-off versus Lars Eller in Sabres zone.
17:59 of 3rd period - Shot by Jonathan Drouin.
17:59 of 3rd period - Shot Misses the Net.
18:01 of 3rd period - Shot by Kris Letang.
18:01 of 3rd period - Shot Misses the Net.
18:03 of 3rd period - Shot by Lars Eller.
18:03 of 3rd period - Stopped by Jordan Binnington without a rebound.
18:04 of 3rd period - Max Domi wins face-off versus Leon Draisaitl in Flames zone.
18:11 of 3rd period - Shot by Brady Tkachuk.
18:11 of 3rd period - Stopped by Matt Murray without a rebound.
18:12 of 3rd period - Max Domi wins face-off versus Ryan Nugent-Hopkins in Sabres zone.
18:51 of 3rd period - Shot by Leon Draisaitl.
18:51 of 3rd period - Stopped by Jordan Binnington without a rebound.
18:52 of 3rd period - Taylor Hall wins face-off versus Nikolaj Ehlers in Flames zone.
19:05 of 3rd period - Taylor Hall is hit by Tyler Seguin and loses puck.
19:32 of 3rd period - Shot by Kevin Fiala.
19:32 of 3rd period - Stopped by Jordan Binnington without a rebound.
19:33 of 3rd period - Ryan Nugent-Hopkins wins face-off versus Charlie Coyle in Flames zone.
19:54 of 3rd period - Minor Penalty to Esa Lindell for High sticking.
19:55 of 3rd period - Sean Kuraly wins face-off versus Leon Draisaitl in Flames zone.
Goals for this period are 1 for Sabres vs 0 for Flames.
Shots for this period are 13 for Sabres vs 11 for Flames.